 Dungeon Crawl Stone Soup version 0.29-a0-1047-g7c58e119a4 (webtiles) character file.

Game seed: 7409609888712410622

4 ytrimaz the Insei (level 1, 0/15 HPs)
             Began as a Demonspawn Transmuter on Aug 17, 2022.
             Slain by a kobold
             ... wielding a +0 short sword
              (3 damage)
             ... on level 1 of the Dungeon.
             The game lasted 00:00:12 (125 turns).

ytrimaz the Insei (Demonspawn Transmuter)            Turns: 125, Time: 00:00:12

Health: 0/15       AC:  2    Str: 10    XL:     1   Next: 58%
Magic:  3/3        EV: 12    Int: 14    God:
Gold:   0          SH:  0    Dex: 13    Spells: 3/4 levels left

rFire   . . .      SeeInvis .     - Unarmed
rCold   . . .      Faith    .   (no shield)
rNeg    . . .      Spirit   .   a - +0 robe
rPois   .          Reflect  .   (no helmet)
rElec   .          Harm     .   (no cloak)
rCorr   .          Rampage  .   (no gloves)
Will    .....                   (no boots)
Stlth   +.........              (no amulet)
HPRegen 0.05/turn               (no ring)
MPRegen 0.08/turn               (no ring)

@: no status effects
A: no striking features
a: no special abilities


You were on level 1 of the Dungeon.
You visited 1 branch of the dungeon, and saw 1 of its levels.

Inventory:

Armour
 a - a +0 robe (worn)
Potions
 b - a potion of lignification


   Skills:
 - Level 1.0 Fighting
 + Level 1.8 Dodging
 + Level 2.9 Unarmed Combat
 - Level 2.0 Spellcasting
 + Level 1.8 Transmutations


You had 3 spell levels left.
You knew the following spells:

 Your Spells              Type           Power      Damage    Failure   Level
a - Beastly Appendage     Tmut           12%        N/A       11%         1

Your spell library contained the following spells:

 Spells                   Type           Power      Damage    Failure   Level
 Wereblood                Tmut           6%         N/A       17%         2
 Spider Form              Tmut/Pois      4%         N/A       43%         3
 Ice Form                 Ice/Tmut       4%         N/A       85%         4


Dungeon Overview and Level Annotations

Branches:
Dungeon (1/15)

Altars:


Message History

You kill the hobgoblin!
The bat hits you but does no damage. The bat barely misses you.
You barely miss the bat. The bat hits you but does no damage.
Found an amethyst potion, 11 gold pieces and a tubular bone ring.
The bat barely misses you. The frilled lizard bites you.
The kobold hits you but does no damage. The rat bites you but does no damage.
You miss the bat. Your kick misses the bat. Your headbutt misses the bat.
The bat misses you. The frilled lizard barely misses you. The rat bites you.
The kobold hits you with a +0 short sword.
The rat attacks as you move away! The rat barely misses you.
Your transformation is almost over.
The bat barely misses you.
You barely miss the bat. Your kick misses the bat. You headbutt the bat.
You kill the bat!
The frilled lizard closely misses you.
You are too injured to fight recklessly!
You barely miss the frilled lizard. Your kick misses the frilled lizard.
The frilled lizard closely misses you.
The rat twitches its whiskers.
You are too injured to fight recklessly!
You are too injured to fight recklessly!
You hit the frilled lizard.
You kill the frilled lizard!
Unknown command.
You barely miss the kobold. The kobold closely misses you.
You are too injured to fight recklessly!
You barely miss the kobold. You claw the kobold, but do no damage.
The kobold completely misses you.
You closely miss the kobold. You claw the kobold, but do no damage.
The kobold hits you but does no damage.
You closely miss the kobold.
The kobold hits you with a +0 short sword.
You hit the kobold but do no damage. The kobold misses you.
You hit the kobold but do no damage.
The kobold hits you with a +0 short sword.
* * * LOW HITPOINT WARNING * * *
You barely miss the kobold.
Your horns disappear.
Your talons disappear.
The kobold hits you with a +0 short sword.
You die...

##### #...# #### #...#
#.. ##+###...# #.#####
#
#........###.....#.##
##...................#
.'....†....###..@###.
##........## ##K##
##........#$...r...!#
..#####...##.......##
.. #.#..#.......# ..
#.##........... ..
#.###..#...#..## ..
#.# ##.#...#..# ##
..##=##..#


You could see a kobold and a rat.

Vanquished Creatures
  An endoplasm (D:1)
  A hobgoblin (D:1)
  A bat (D:1)
  A frilled lizard (D:1)
  A rat (D:1)
5 creatures vanquished.

Notes
Turn   | Place    | Note
-------+----------+-------------------------------------------
     0 | D:1      | ytrimaz the Demonspawn Transmuter began the quest for the
                  | Orb.
     0 | D:1      | Reached XP level 1. HP: 15/15 MP: 3/3
   125 | D:1      | Slain by a kobold

Illustrated notes

Levels and vault maps discovered:
D:1:      ncdulo_lavacross, layout_basic,
          hellmonk_ecumenical_altar_heavens_door, minmay_three_crescents

Action                   || total
-------------------------++-------
Melee: Unarmed           ||    18
       Kick              ||     6
       Headbutt          ||     2
 Cast: Beastly Appendage ||     2
Armor: Robe              ||     6
Dodge: Dodged            ||    14

Table legend: (Time is in decaauts)
 A = Elapsed time spent in this place.
 B = Non-inter-level travel time spent in this place.
 C = Inter-level travel time spent in this place.
 D = Time resting spent in this place.
 E = Time spent auto-exploring this place.
 F = Levels seen in this place.
 G = Mean time per level.
                   A        B        C        D        E       F      G
               +--------+--------+--------+--------+--------+-----+--------+
         Total |    124 |    124 |      0 |      0 |     91 |   1 |  124.0 |
       Dungeon |    124 |    124 |      0 |      0 |     91 |   1 |  124.0 |
               +--------+--------+--------+--------+--------+-----+--------+

Top non-repeatable levels by time:
     D:1: 124 daAuts
